 Dungeon Crawl Stone Soup version 0.30.1-11-g7821555f0a (webtiles) character file.

Game seed: 910662198475923677

287993 GreatBamboolord the Eclecticist (level 21, -15/177 HPs)
             Began as a Djinni Earth Elementalist on Nov 29, 2023.
             Was a High Priest of Ashenzari.
             Killed from afar by Nikola (70 damage)
             ... with an arc of chain lightning
             ... on level 1 of the Vaults on Nov 30, 2023.
             The game lasted 02:18:59 (38306 turns).

GreatBamboolord the Eclecticist (DjEE)             Turns: 38306, Time: 02:19:00

Health: -15/177    AC: 20    Str:  7    XL:     21   Next: 56%
Gold:   252        EV: 28    Int: 33    God:    Ashenzari [*****.] SH:  0 Dex: 20

rFire   + . .        b - staff of conjuration of Supernal Understanding (curse) {Cun, Self} (curse)
rCold   . . .        E - orb of the Eye in the Sky {guile, Range, Self} (curse)
rNeg    + . .        C - +3 steam dragon scales "Ensconced With Me" {Fort, Self} (curse)
rPois   ∞            v - +2 helmet "Per Aspera Ad Scientiam" {Cun, Melee} (curse)
rElec   .            d - +2 cloak of Star-Bound Wisdom {Melee, Self} (curse)
rCorr   .            m - +1 pair of gloves of Ashenzari's Irritation {+Blink rPois rF- Int+5, Melee, Self} (curse)
SInv    +            (boots unavailable)
Will    +....        Y - amulet of Ouranomancy {Regen+, Cun, Self} (curse)
Stlth   ++++++       P - ring of the Serpent {Ice rN+}
HPRegen 1.29/turn    O - ring "Restrained With Me" {rF+ Will+ MP-9 Dex+6, Melee, Self} (curse)
MPRegen 0.00/turn

%: clarity, infuse magic (-16 HP)
@: flying
A: sickness immunity, fire resistance 2, cold vulnerability 1, float, innate
caster, HP casting, extra vitality 1
}: 2/15 runes: decaying, serpentine
a: Renounce Religion, Evoke Blink, Shatter the Chains


You were on level 1 of the Vaults.
You worshipped Ashenzari.
Ashenzari was extremely pleased with you.
You visited 7 branches of the dungeon, and saw 32 of its levels.
You also visited: Gauntlet and Ice Cave.

You collected 3670 gold pieces.
You spent 3418 gold pieces at shops.

Inventory:

Armour
 d - the cursed +2 cloak of Star-Bound Wisdom (worn) {Melee, Self}
   (You found it in a Gauntlet)

   It has a curse which improves the following skills: Melee Combat: Short
   Blades, Long Blades, Axes, Maces & Flails, Polearms, Staves and Unarmed
   Combat.
   Introspection: Fighting and Spellcasting.
 l - a +2 robe of the Archmagi
 m - the cursed +1 pair of gloves of Ashenzari's Irritation (worn) {+Blink rPois rF- Int+5, Melee, Self}
   (You bought it in a shop on level 2 of the Orcish Mines)

   Int:       It affects your intelligence (+5).
   rF:        It makes you vulnerable to fire.
   rPois:     It protects you from poison.
   +Blink:    It lets you blink.
   It has a curse which improves the following skills: Melee Combat: Short
   Blades, Long Blades, Axes, Maces & Flails, Polearms, Staves and Unarmed
   Combat.
   Introspection: Fighting and Spellcasting.
 v - the cursed +2 helmet "Per Aspera Ad Scientiam" (worn) {Cun, Melee}
   (You took it off Robin on level 4 of the Dungeon)

   It has a curse which improves the following skills: Cunning: Dodging and
   Stealth.
   Melee Combat: Short Blades, Long Blades, Axes, Maces & Flails, Polearms,
   Staves and Unarmed Combat.
 C - the cursed +3 steam dragon scales "Ensconced With Me" (worn) {Fort, Self}
   (You found it on level 6 of the Dungeon)

   It has a curse which improves the following skills: Fortitude: Armour and
   Shields.
   Introspection: Fighting and Spellcasting.
 E - the cursed orb of the Eye in the Sky (worn) {guile, Range, Self}
   (You found it on level 6 of the Dungeon)

   It has a curse which improves the following skills: Ranged Combat: Ranged
   Weapons and Throwing.
   Introspection: Fighting and Spellcasting.
Magical Staves
 b - the cursed staff of conjuration of Supernal Understanding (weapon) {Cun, Self}
   (You found it on level 3 of the Dungeon)

   [staff of conjuration]

   Your inability to study Conjurations prevents you from drawing on the full
   power of this staff in melee.
   Base accuracy: +5 Base damage: 5 Base attack delay: 1.2 This weapon's minimum
   attack delay (0.6) is reached at skill level 12.
   It falls into the 'Staves' category.
   It is a one-handed weapon.
   It has a curse which improves the following skills: Cunning: Dodging and
   Stealth.
   Introspection: Fighting and Spellcasting.
 i - a staff of death
 D - the staff of fire "Xaettul" {rF+ rCorr Dex+2}
   (You found it in a Gauntlet)

   [staff of fire]

   Your inability to study Fire Magic prevents you from drawing on the full
   power of this staff in melee.
   Base accuracy: +5 Base damage: 5 Base attack delay: 1.2 This weapon's minimum
   attack delay (0.6) is reached at skill level 12.
   Dex:       It affects your dexterity (+2).
   rF:        It protects you from fire.
   rCorr:     It protects you from acid and corrosion.
   It falls into the 'Staves' category.
   It is a one-handed weapon.
 I - a staff of conjuration
 V - a staff of cold
Jewellery
 z - a ring of protection from cold
 O - a cursed ring "Restrained With Me" (right hand) {rF+ Will+ MP-9 Dex+6, Melee, Self}
   (You bought it in a shop on level 9 of the Dungeon)

   [ring of dexterity]

   Dex:       It affects your dexterity (+6).
   rF:        It protects you from fire.
   MP:        It affects your magic capacity (-9).
   Will:      It increases your willpower.
   It has a curse which improves the following skills: Melee Combat: Short
   Blades, Long Blades, Axes, Maces & Flails, Polearms, Staves and Unarmed
   Combat.
   Introspection: Fighting and Spellcasting.
 P - the ring of the Serpent (left hand) {Ice rN+}
   (You found it on level 13 of the Dungeon)

   [ring of ice]

   It enhances your ice magic.
   rF:        It makes you vulnerable to fire.
   rC:        It protects you from cold.
   rN:        It protects you from negative energy.
 Q - the ring "Eploukup" {*Slow rF+ rN+ Dex+3}
   (You found it in a Gauntlet)

   [ring of protection from fire]

   Dex:       It affects your dexterity (+3).
   rF:        It protects you from fire.
   rN:        It protects you from negative energy.
   *Slow:     It may slow you when you take damage.
 T - a ring of positive energy
 Y - the cursed amulet of Ouranomancy (around neck) {Regen+, Cun, Self}
   (You found it on level 3 of the Lair of Beasts)

   [amulet of regeneration]

   Regen:     It increases your rate of health regeneration.
   It has a curse which improves the following skills: Cunning: Dodging and
   Stealth.
   Introspection: Fighting and Spellcasting.
 Z - a ring of resist corrosion
Wands
 h - a wand of polymorph (6)
 r - a wand of mindburst (15)
 y - a wand of digging (12)
 H - a wand of charming (19)
 K - a wand of iceblast (49)
 X - a wand of light (5)
Scrolls
 c - 2 scrolls of blinking
 g - 9 scrolls of vulnerability
 j - 4 scrolls of fear
 n - a scroll of silence
 p - 6 scrolls of poison
 s - 5 scrolls of immolation
 x - 5 scrolls of enchant weapon
 B - a scroll of acquirement
 J - 3 scrolls of fog
 N - 3 scrolls of enchant armour
 R - 3 scrolls of magic mapping
 S - 2 scrolls of summoning
 U - 6 scrolls of teleportation
Potions
 e - 4 potions of resistance
 f - 28 potions of curing
 k - 6 potions of brilliance
 o - a potion of heal wounds
 q - 4 potions of lignification
 t - 4 potions of cancellation
 u - 5 potions of mutation
 w - a potion of berserk rage
 A - 4 potions of haste
 L - 5 potions of ambrosia
 M - 2 potions of invisibility
 W - 4 potions of might
Miscellaneous
 a - a tin of tremorstones (2/2)
 G - a phantom mirror (inert)


   Skills:
 + Level 16.1(23.4) Fighting
 - Level 2.9(6.9) Staves
 + Level 9.0(11.1) Armour
 + Level 17.6(21.5) Dodging
 + Level 9.4(13.6) Stealth
 + Level 8.1(10.3) Shields
 - Level 3.1(7.2) Unarmed Combat
 * Level 18.1(25.3) Spellcasting


You knew the following spells:

 Your Spells              Type           Power      Damage    Failure   Level
a - Sandblast             Erth           100%       2d20      0%          1
b - Passwall              Tmut/Erth      98%        N/A       0%          2
c - Stone Arrow           Conj/Erth      100%       3d13      0%          3
d - Petrify               Tmut/Erth      100%       N/A       0%          4
e - Necrotise             Necr           100%       1d9       0%          1
f - Scorch                Fire           100%       2d9       0%          2
g - Spider Form           Tmut/Pois      100%       N/A       0%          3
h - Summon Lightning Spi  Summ/Air       100%       N/A       0%          4
i - Anguish               Hex/Necr       59%        N/A       0%          4
j - Silence               Hex/Air        59%        N/A       0%          5
k - Summon Cactus Giant   Summ           59%        N/A       0%          6
l - Dispersal             Tloc           59%        N/A       0%          6
m - Starburst             Conj/Fire      71%        6d18      0%          6
n - Disjunction           Tloc           59%        N/A       1%          8
Your spell library was empty.

Dungeon Overview and Level Annotations

Branches:
Dungeon (15/15)            Temple (1/1) D:4            Lair (5/5) D:10
  Swamp (4/4) Lair:3        Snake (4/4) Lair:3        Slime (0/5) Lair:5
    Orc (2/2) D:9             Elf (0/3) Orc:2        Vaults (1/5) D:14
 Depths (0/4) D:15          IceCv (visited)         Gauntlet (visited)

Altars:
Ashenzari
Cheibriados
Elyvilon
Hepliaklqana
Makhleb
Nemelex Xobeh
Okawaru
Ru
Trog
Uskayaw
Wu Jian
Xom
Yredelemnul
Zin
Jiyva
Lugonu

Shops:
D:3 *   D:9 =   Orc:1 *   Orc:2 (![*(   Snake:1 :   Snake:4 (*!

Portals:
Abyss: Lair:5

Annotations:
D:13 1 transporter, qdestroyer's ghost, journeyman MiFi
Vaults:1 Nikola


Innate Abilities, Weirdness & Mutations

You are immune to sickness and miasma.
You are immune to poison.
Your flesh is very heat resistant. (rF++)
You are vulnerable to cold. (rC-)
You float through the air rather than walking.
You learn spells naturally, not from books.
Your magical power is your life essence.
You have superior vitality. (+4 MHP)


Message History

Your hearing returns.
A deep troll comes into view.
The vault guard hits you with a +2 long sword!
The boulder beetle completely misses you.
The ironbound convoker casts a spell at Nikola.
Nikola seems to grow stronger.
Unknown command.
Casting: Silence (safe; 0% risk of failure)
Confirm with . or Enter, or press ? or * to list all spells.
Casting: Anguish (safe; 0% risk of failure)
Press: ? - help, Dir - look around, f - activate The ironbound convoker is haunted by guilt!
The vault warden is haunted by guilt!
The vault guard is haunted by guilt!
Nikola is haunted by guilt!
The boulder beetle is haunted by guilt!
The deep troll is haunted by guilt! x3
Nikola hits you with a +3 rapier of electrocution!!
You are electrocuted!
Nikola is wracked by anguish!!!
The vault guard completely misses you. The boulder beetle bites you.
The boulder beetle is wracked by anguish.
The ironbound convoker completely misses you.
A wizard comes into view. It is wielding a +0 dagger.
Unknown command.
Unknown command.
Casting: Anguish (safe; 0% risk of failure)
Confirm with . or Enter, or press ? or * to list all spells.
Casting: Starburst (safe; 0% risk of failure)
Press: ? - help, Dir - look around, f - activate You feel a surge of power!
The bolt of fire misses the vault guard.
The bolt of fire hits the vault warden!!!
The vault warden is almost dead.
The bolt of fire hits Nikola!!!
Nikola is heavily wounded.
The bolt of fire hits the boulder beetle!!!
The boulder beetle is almost dead.
The bolt of fire misses the ironbound convoker.
The vault warden closely misses you.
Nikola gestures wildly while chanting.
Lightning arcs from Nikola's hands!
The bolt of lightning hits you!!!
You die...

#........# #)....
##'####### #.....
#........# #.....
#.......##############.....
#....{{###.#.........#.....
#....p###..#.....>...#.....
#....#'#...#.........#.....
*
#...###T.Bp#.........'.....
,,
#..###..T@@#∆........######
,,* #.###....pp+.........#
,, ####.......#########'##
, ,* #........# #......# ,
** #+######## #......# , ,
, , , #......# ,, ,,,
#......# * * #......# ,
,,,* #......#


You could see Nikola (strong, anguished), a vault warden (anguished), a boulder
beetle (anguished), a vault guard (anguished), 2 deep trolls, an ironbound
convoker (anguished) and a wizard.

Vanquished Creatures
  2 nagarajas (Snake:4)
  2 vault wardens (Vaults:1)
  A ghoul (Swamp:1)
  A reaper (IceCv)
  2 ironbound preservers (Vaults:1)
  2 ironbound thunderhulks (Vaults:1)
  An eleionoma (Swamp:1)
  2 apis (D:14)
  3 dire elephants (Vaults:1)
  A great orb of eyes (Vaults:1)
  Erolcha (Orc:2)
  6 hydras
  2 salamander tyrants
  2 ghost crabs
  4 ironbound frosthearts (Vaults:1)
  A caustic shrike simulacrum (IceCv)
  3 centaur warriors
  3 boulder beetles
  4 anacondas
  2 alligators
  2 death yaks (Lair:4)
  2 tengu warriors (D:15)
  3 two-headed ogres
  2 thrashing horrors (Lair:5)
  5 naga warriors
  2 spriggan berserkers (Swamp:4)
  7 shock serpents
  5 naga sharpshooters
  A wretched star (Gauntlet)
  5 sea snakes (Snake:3)
  2 skeletal warriors
  A glowing orange brain (Vaults:1)
  A goliath frog (Swamp:3)
  A spectral death yak (Lair:3)
  5 swamp dragons (Swamp:4)
  7 deep trolls (Vaults:1)
  2 spriggan druids
  An obsidian statue (IceCv)
  A bog body (IceCv)
  An orange crystal statue (IceCv)
  A wizard (Vaults:1)
  2 spriggan simulacra (IceCv)
  3 ironbound convokers (Vaults:1)
  3 large abominations (Lair:5)
  A naga ritualist (Snake:3)
  An orc knight (D:15)
  2 deep elf pyromancers
  3 harpies (Vaults:1)
  3 cyclopes
  4 mana vipers
  An oklob plant (Snake:3)
  5 salamanders
  2 manticores
  A will-o-the-wisp (Swamp:2)
  13 elephants
  16 ugly things
  14 black mambas
  10 naga magi
  A guardian serpent (Snake:2)
  2 vault sentinels (Vaults:1)
  An unseen horror (D:11)
  2 cane toads
  A gargoyle (D:12)
  3 smoke demons (Lair:5)
  A minotaur zombie (Gauntlet)
  2 rime drakes
  10 komodo dragons
  A kobold demonologist (D:11)
  5 yaktaurs
  A tengu conjurer (D:14)
  A freezing wraith (IceCv)
  An anaconda simulacrum (IceCv)
  A golden dragon simulacrum (IceCv)
  An ice devil (IceCv)
  An ancient zyme (Lair:5)
  9 trolls
  A bloated husk (Swamp:1)
  A polar bear (Lair:1)
  4 tyrant leeches
  21 blink frogs
  3 hornets
  A spectral black mamba (Lair:3)
  11 slime creatures
  3 spriggans
  3 wraiths
  29 yaks
  A vampire (D:10)
  A ynoxinul (Lair:5)
  A spectral fire crab (Lair:3)
  A dire elephant simulacrum (IceCv)
  A hog (shapeshifter) (D:13)
  3 basilisks
  2 chaos spawn (Lair:5)
  A spectral komodo dragon (Lair:3)
  2 steam dragons
  4 redbacks (D:12)
  4 minotaur simulacra (IceCv)
  6 vampire mosquitoes
  A warg (D:15)
  21 nagas
  3 acid dragons
  A swamp worm (Swamp:1)
  13 water moccasins
  Duvessa (D:6)
  A hydra simulacrum (IceCv)
  11 orc warriors
  A spectral torpor snail (Lair:3)
  A swamp drake (Swamp:4)
  3 ice beasts
  A sky beast (D:7)
  A black bear (Lair:4)
  5 ogres
  13 small abominations
  A boggart (Gauntlet)
  9 wolves
  A phantom (D:7)
  8 centaurs
  3 deep troll simulacra (IceCv)
  9 bullfrogs
  2 scorpions (D:6)
  2 necrophages (Swamp:1)
  A gnoll sergeant (D:6)
  11 wights
  Dowan (D:6)
  A lindwurm simulacrum (IceCv)
  16 electric eels
  A howler monkey (D:8)
  2 lava snakes (Lair:3)
  11 hounds
  8 jellies
  A gnoll bouda (D:8)
  11 orc priests
  3 sleepcaps
  4 iguanas
  18 orc wizards
  Robin (D:4)
  13 gnolls
  7 adders
  2 white imps (D:6)
  An ufetubus (D:5)
  A worm (D:2)
  A dart slug (D:2)
  58 orcs
  8 bats
  5 endoplasms
  3 giant cockroaches
  13 goblins
  11 hobgoblins
  6 jackals
  4 quokkas
  6 ball pythons
  2 frilled lizards
  8 kobolds
  3 rats (D:1)
  2 butterflies
690 creatures vanquished.

Vanquished Creatures (collateral kills)
  A nagaraja (Snake:4)
  Louise (D:14)
  A reaper (IceCv)
  An ironbound preserver (D:14)
  A very ugly thing (D:13)
  2 apis (D:14)
  A dire elephant (Gauntlet)
  Snorg (D:14)
  A bunyip (Swamp:2)
  2 shambling mangroves
  2 salamander tyrants (Snake:4)
  7 hydras
  An ogre mage (D:13)
  2 centaur warriors
  A boulder beetle (Lair:5)
  2 catoblepae
  A death knight (D:14)
  2 anacondas
  6 alligators
  A tengu warrior (D:14)
  3 naga warriors
  4 naga sharpshooters (Snake:4)
  3 skeletal warriors
  2 salamander mystics
  Lodul (D:12)
  3 spriggan druids
  3 goliath frogs
  6 swamp dragons
  4 bog bodies (Swamp:1)
  A deep troll (D:15)
  4 ugly things
  A necromancer (D:15)
  2 orc knights (Orc:2)
  A wizard (D:13)
  2 cyclopes (D:14)
  A deep elf pyromancer (D:14)
  An orc sorcerer (Orc:1)
  3 salamanders
  2 will-o-the-wisps
  8 elephants
  A worldbinder (Gauntlet)
  4 black mambas
  A guardian serpent (Snake:2)
  An apocalypse crab (Gauntlet)
  2 naga magi (Snake:4)
  A komodo dragon (Lair:2)
  An ice devil (IceCv)
  10 freezing wraiths
  2 trolls
  A large abomination (Lair:5)
  A meliai (D:14)
  4 tyrant leeches
  4 hornets
  A bloated husk (Swamp:2)
  5 blink frogs
  2 flying skulls (Gauntlet)
  A slime creature (D:12)
  5 spriggans
  9 wraiths
  A basilisk (Lair:5)
  6 yaks
  4 redbacks (D:12)
  2 minotaur simulacra (IceCv)
  A neqoxec (Gauntlet)
  8 vampire mosquitoes
  A warg (Orc:2)
  2 harpy simulacra (IceCv)
  6 swamp worms
  An acid dragon (D:12)
  11 nagas
  2 water moccasins
  20 orc warriors
  8 swamp drakes
  A meliai simulacrum (D:14)
  3 wolves
  11 ogres
  6 centaurs
  A gnoll sergeant (D:13)
  A necrophage (Swamp:1)
  2 wights (D:8)
  2 lava snakes (Lair:3)
  8 orc priests
  A gnoll bouda (D:8)
  5 orc wizards
  4 gnolls
  24 orcs
290 creatures vanquished.

Vanquished Creatures (others)
  Vashnia (Snake:4)
  Kirke (Swamp:4)
  A thorn hunter (Swamp:4)
  A fenstrider witch (Swamp:3)
  The ghost of jotaen the Phalangite, a journeyman MiMo of Okawaru (Swamp:2)
  2 reapers (IceCv)
  Nessos (D:14)
  A minotaur (Gauntlet)
  3 eleionomae
  3 bunyips
  Josephine (Swamp:1)
  A shambling mangrove (Swamp:2)
  A salamander tyrant (Snake:4)
  10 hydras
  A centaur warrior (D:13)
  3 boulder beetles
  5 alligators
  5 death knights
  2 ghost crabs
  3 death yaks (Lair:4)
  3 two-headed ogres
  4 naga warriors (Snake:4)
  A shock serpent (Snake:4)
  A tengu warrior (D:15)
  10 naga sharpshooters
  A deep elf knight (D:13)
  5 skeletal warriors
  2 goliath frogs (Swamp:1)
  2 swamp dragons
  7 bog bodies
  4 orc knights
  A phantasmal warrior (D:14)
  A salamander (shapeshifter) (D:15)
  6 ugly things
  3 cyclopes
  A will-o-the-wisp (Swamp:3)
  2 black mambas
  5 elephants
  A guardian serpent (Snake:4)
  A smoke demon (Lair:5)
  A naga mage (Snake:4)
  A gargoyle (D:12)
  A rime drake (Lair:1)
  A yaktaur (Vaults:1)
  A freezing wraith (D:14)
  A tengu conjurer (D:15)
  2 komodo dragons
  3 bloated husks
  2 trolls
  4 tyrant leeches
  6 hornets
  A blink frog (Lair:3)
  2 flying skulls (Gauntlet)
  A wraith (Swamp:1)
  3 spriggans
  A basilisk (Lair:5)
  2 yaks (Lair:1)
  A ynoxinul (Lair:5)
  7 humans (Swamp:4)
  6 vampire mosquitoes
  3 nagas (Snake:4)
  A swamp worm (Swamp:2)
  A warg (Orc:1)
  2 swamp drakes
  A black bear (shapeshifter) (D:14)
  8 orc warriors
  2 ogres
  A wolf (Lair:5)
  8 centaurs
  A necrophage (Swamp:1)
  A bullfrog (Lair:3)
  3 orc priests
  2 orc wizards (Orc:2)
  6 orcs
  25 foxfires
220 creatures vanquished.

Grand Total: 1200 creatures vanquished

Notes
Turn   | Place    | Note
-------+----------+-------------------------------------------
     0 | D:1      | GreatBamboolord the Djinni Earth Elementalist began the
                  | quest for the Orb.
     0 | D:1      | GreatBamboolord set off with the following spells
                  | memorised: Sandblast, Passwall, Stone Arrow, Petrify.
     0 | D:1      | Reached XP level 1. HP: 15/15 MP: 0/0
    91 | D:1      | Reached XP level 2. HP: 21/22 MP: 0/0
   259 | D:1      | Reached XP level 3. HP: 10/26 MP: 0/0
   259 | D:1      | Learned a level 1 spell: Necrotise
   546 | D:1      | Reached skill level 1 in Fighting
  1021 | D:2      | Reached XP level 4. HP: 26/32 MP: 0/0
  1213 | D:2      | Identified the +5 war axe of Yczigefe {flame, rPois}
  1247 | D:2      | Reached skill level 3 in Spellcasting
  1584 | D:2      | Found a faded altar of an unknown god.
  2043 | D:3      | Found Zin's Purification Station.
  2049 | D:3      | Found a glowing silver altar of Zin.
  2063 | D:3      | Reached XP level 5. HP: 31/37 MP: 0/0
  2063 | D:3      | Learned a level 2 spell: Scorch
  2709 | D:4      | Noticed Robin
  2723 | D:4      | Killed Robin
  2724 | D:4      | Reached XP level 6. HP: 20/43 MP: 0/0
  2943 | D:4      | Found a staircase to the Ecumenical Temple.
  2950 | Temple   | Entered the Ecumenical Temple
  2978 | Temple   | Became a worshipper of Ashenzari the Shackled
  3212 | D:4      | Found a sacrificial altar of Ru.
  3700 | D:4      | Found a bloodstained altar of Trog.
  3752 | D:5      | Entered Level 5 of the Dungeon
  3758 | D:5      | Noticed an ogre
  3928 | D:5      | Reached skill level 4 in Spellcasting
  3928 | D:5      | Reached XP level 7. HP: 43/49 MP: 0/0
  3928 | D:5      | Learned a level 3 spell: Spider Form
  4046 | D:5      | Identified the cursed +2 helmet "Per Aspera Ad Scientiam"
                  | {Cun, Melee} (You took it off Robin on level 4 of the
                  | Dungeon)
  4632 | D:5      | Reached * piety under Ashenzari
  4787 | D:5      | Reached XP level 8. HP: 51/56 MP: 0/0
  5050 | D:5      | Found a sparkling altar of Nemelex Xobeh.
  5315 | D:6      | Reached skill level 5 in Spellcasting
  5332 | D:6      | Reached skill level 5 in Dodging
  5624 | D:6      | Noticed Duvessa
  5624 | D:6      | Noticed Dowan
  5638 | D:6      | Killed Duvessa
  5660 | D:6      | Killed Dowan
  5661 | D:6      | Reached XP level 9. HP: 12/63 MP: 0/0
  5661 | D:6      | Learned a level 4 spell: Summon Lightning Spire
  6434 | D:7      | Reached skill level 6 in Spellcasting
  6516 | D:7      | Reached skill level 5 in Fighting
  6516 | D:7      | Reached skill level 5 in Stealth
  6875 | D:7      | Reached XP level 10. HP: 45/71 MP: 0/0
  7375 | D:7      | Reached skill level 7 in Spellcasting
  7836 | D:7      | Reached skill level 1 in Unarmed Combat
  9388 | D:9      | Reached ** piety under Ashenzari
  9581 | D:9      | Reached skill level 8 in Spellcasting
  9654 | D:9      | Reached skill level 1 in Armour
  9671 | D:9      | Reached skill level 1 in Staves
  9671 | D:9      | Reached XP level 11. HP: 59/82 MP: 0/0
  9671 | D:9      | Learned a level 4 spell: Anguish
  9983 | D:9      | Found a staircase to the Orcish Mines.
 10445 | D:9      | Found Ilot's One-of-a-Kind Rings.
 10451 | D:9      | Bought a ring of Plog {rF+ Will+ MP-9 Dex+6} for 403 gold
                  | pieces
 10507 | D:9      | Reached *** piety under Ashenzari
 10561 | D:9      | Noticed a two-headed ogre
 10565 | D:9      | Killed a two-headed ogre
 10755 | D:10     | Entered Level 10 of the Dungeon
 10864 | D:10     | Found a staircase to the Lair.
 11121 | D:10     | Noticed a two-headed ogre
 11127 | D:10     | Killed a two-headed ogre
 11860 | Lair:1   | Entered Level 1 of the Lair of Beasts
 12033 | Lair:1   | Noticed a boulder beetle
 12043 | Lair:1   | Killed a boulder beetle
 12044 | Lair:1   | Reached skill level 9 in Spellcasting
 12165 | Lair:1   | Reached XP level 12. HP: 49/94 MP: 0/0
 12400 | Lair:1   | Noticed a catoblepas
 12416 | Lair:1   | Killed a catoblepas
 12874 | Lair:1   | Identified the +3 barding of Chill Winds {-Cast Harm SInv
                  | Stlth+}
 12917 | Lair:1   | Reached **** piety under Ashenzari
 13122 | Lair:1   | Noticed an eight-headed hydra
 13132 | Lair:1   | Killed an eight-headed hydra
 13457 | Lair:1   | Reached skill level 10 in Spellcasting
 14044 | Lair:2   | Noticed a boulder beetle
 14078 | Lair:2   | Killed a boulder beetle
 14079 | Lair:2   | Reached skill level 10 in Dodging
 15329 | Lair:3   | Reached XP level 13. HP: 78/106 MP: 0/0
 15329 | Lair:3   | Learned a level 5 spell: Silence
 15706 | Lair:2   | Reached skill level 11 in Spellcasting
 16097 | Lair:3   | Reached skill level 10 in Fighting
 16283 | Lair:3   | Found a staircase to the Snake Pit.
 17121 | Lair:3   | Identified the +2 ring mail of Ruwnonai {+Inv rF+}
 17294 | Lair:3   | Found a staircase to the Swamp.
 17294 | Lair:3   | Noticed a ghost crab
 17320 | Lair:3   | Killed a ghost crab
 17692 | Lair:4   | Reached skill level 12 in Spellcasting
 17703 | Lair:4   | Reached XP level 14. HP: 25/115 MP: 0/0
 18105 | Lair:4   | Identified the cursed staff of conjuration of Supernal
                  | Understanding {Cun, Self} (You found it on level 3 of the
                  | Dungeon)
 18105 | Lair:4   | Identified the cursed orb of the Eye in the Sky {guile,
                  | Range, Self} (You found it on level 6 of the Dungeon)
 18105 | Lair:4   | Identified the cursed +3 steam dragon scales "Ensconced
                  | With Me" {Fort, Self} (You found it on level 6 of the
                  | Dungeon)
 18766 | Lair:5   | Entered Level 5 of the Lair of Beasts
 18935 | Lair:5   | Found a staircase to the Slime Pits.
 18936 | Lair:5   | Found a viscous altar of Jiyva.
 19715 | Lair:5   | Reached skill level 13 in Spellcasting
 20079 | Lair:5   | Found a corrupted altar of Lugonu.
 20079 | Lair:5   | Found a one-way gate to the infinite horrors of the Abyss.
 20438 | Orc:1    | Entered Level 1 of the Orcish Mines
 20445 | Orc:1    | Reached XP level 15. HP: 94/124 MP: 0/0
 20445 | Orc:1    | Learned a level 6 spell: Summon Cactus Giant
 20950 | Orc:1    | Found Beijas's General Store.
 20958 | Orc:1    | Bought a potion of mutation for 96 gold pieces
 20958 | Orc:1    | Bought a potion of might for 48 gold pieces
 20958 | Orc:1    | Bought a phantom mirror for 480 gold pieces
 20972 | Orc:2    | Entered Level 2 of the Orcish Mines
 20973 | Orc:2    | Found a staircase to the Elven Halls.
 21033 | Orc:2    | Noticed Erolcha
 21040 | Orc:2    | Killed Erolcha
 21050 | Orc:2    | Found a gate leading to a gauntlet.
 21059 | Gauntlet | Entered a Gauntlet
 21059 | Gauntlet | Found a transporter.
 21095 | Gauntlet | Found a transporter.
 21098 | Gauntlet | Found a transporter.
 21099 | Gauntlet | Found a transporter.
 21107 | Gauntlet | Found a transporter.
 21110 | Gauntlet | Found a transporter.
 21111 | Gauntlet | Found a transporter.
 21120 | Gauntlet | Found a transporter.
 21120 | Gauntlet | Identified the ring "Eploukup" {*Slow rF+ rN+ Dex+3}
 21123 | Gauntlet | Found a transporter.
 21124 | Gauntlet | Found a transporter.
 21132 | Gauntlet | Found a transporter.
 21135 | Gauntlet | Found a transporter.
 21136 | Gauntlet | Found a transporter.
 21142 | Gauntlet | Found a runed translucent gate.
 21142 | Gauntlet | Found a runed translucent gate.
 21142 | Gauntlet | Found a runed translucent gate.
 21144 | Gauntlet | Found a transporter.
 21158 | Gauntlet | Identified a ring of Beogh's Scorn {Str+4 Dex+6}
 21756 | Gauntlet | Identified the staff of fire "Jiosivus" {rF+ rCorr Dex-5
                  | SInv}
 21756 | Gauntlet | Identified the staff of fire "Xaettul" {rF+ rCorr Dex+2}
 21756 | Gauntlet | Identified the +2 chain mail of the Wasteland {Int+2}
 22215 | Orc:2    | Reached skill level 14 in Spellcasting
 22281 | Orc:2    | Found Kungol's General Store.
 22281 | Orc:2    | Found Heodwu's Antique Armour Shop.
 22283 | Orc:2    | Found Ketami's Distillery.
 22285 | Orc:2    | Found Inica's Antique Weapon Emporium.
 22292 | Orc:2    | Bought a potion of haste for 150 gold pieces
 22292 | Orc:2    | Bought a potion of cancellation for 120 gold pieces
 22292 | Orc:2    | Bought a potion of curing for 45 gold pieces
 22292 | Orc:2    | Bought a potion of heal wounds for 75 gold pieces
 22294 | Orc:2    | Bought a pair of ancient gloves for 285 gold pieces
 22294 | Orc:2    | Identified the +1 pair of gloves of Anaesthesia {+Blink
                  | rPois rF- Int+5} (You bought it in a shop on level 2 of the
                  | Orcish Mines)
 22486 | Orc:2    | Found Ykillyes's Weapon Shop.
 23654 | D:12     | Reached XP level 16. HP: 127/132 MP: 0/0
 23723 | D:12     | Identified the ring "Ivinirok" {rPois rF+ Str+2 Int-5
                  | Stlth+}
 23826 | D:12     | Noticed Lodul
 23838 | D:12     | Killed Lodul
 24415 | D:13     | Identified the ring of the Serpent {Ice rN+}
 24458 | D:13     | Noticed qdestroyer's ghost (journeyman MiFi)
 24459 | D:13     | Identified the +11 dire flail of Sin {spect, Str+3 Dex+4
                  | SInv}
 24702 | D:13     | Found a transporter.
 25272 | D:14     | Found a glowing silver altar of Zin.
 25392 | D:14     | Reached skill level 15 in Spellcasting
 25434 | D:14     | Reached skill level 15 in Dodging
 25713 | D:14     | Noticed Louise
 25722 | D:14     | Killed Louise
 25846 | D:14     | Found an ornate altar of the Wu Jian Council.
 25999 | D:14     | Found a gate to the Vaults.
 26098 | D:14     | Noticed Nessos
 26103 | D:14     | Noticed Snorg
 26109 | D:14     | Killed Snorg
 26110 | D:14     | Killed Nessos
 26202 | D:14     | Reached XP level 17. HP: 84/141 MP: 0/0
 26202 | D:14     | Learned a level 6 spell: Dispersal
 26782 | Swamp:1  | Entered Level 1 of the Swamp
 26940 | Swamp:1  | Reached skill level 1 in Shields
 27033 | Swamp:1  | Noticed Josephine
 27036 | Swamp:1  | Killed Josephine
 27973 | Swamp:2  | HP: 5/138 [tyrant leech (12)]
 28102 | Swamp:2  | Found a runed translucent door.
 28259 | Swamp:2  | Reached skill level 16 in Spellcasting
 28452 | Swamp:2  | Reached skill level 5 in Armour
 28892 | Swamp:2  | Noticed jotaen's ghost (journeyman MiMo)
 28903 | Swamp:2  | Killed jotaen's ghost
 29137 | Swamp:3  | Found a frozen archway.
 29536 | Swamp:2  | Reached XP level 18. HP: 114/149 MP: 0/0
 29597 | IceCv    | Entered an ice cave
 30568 | IceCv    | Identified the +2 leather armour "Zaber" {Will+ rCorr
                  | Str+3}
 31154 | Swamp:4  | Entered Level 4 of the Swamp
 31284 | Swamp:4  | Noticed Kirke
 31294 | Swamp:4  | Killed Kirke
 31310 | Swamp:4  | Reached skill level 15 in Fighting
 31406 | Swamp:4  | Reached skill level 5 in Shields
 31758 | Swamp:4  | Got a decaying rune of Zot
 32278 | D:15     | Entered Level 15 of the Dungeon
 32285 | D:15     | Reached XP level 19. HP: 136/156 MP: 0/0
 32285 | D:15     | Learned a level 6 spell: Starburst
 32487 | Snake:1  | Entered Level 1 of the Snake Pit
 32826 | Snake:1  | Found Fesyorec's Self-Improvement Boutique.
 33954 | Snake:2  | Reached skill level 17 in Spellcasting
 34764 | Snake:3  | Found a snail-covered altar of Cheibriados.
 35092 | Snake:3  | Identified a scroll of acquirement
 35224 | Snake:4  | Entered Level 4 of the Snake Pit
 35288 | Snake:4  | Reached ***** piety under Ashenzari
 35365 | Snake:4  | Found Qafuriych's Weapon Shoppe.
 35367 | Snake:4  | Found Baawk's General Store.
 35369 | Snake:4  | Found Nedioxoe's Distillery.
 35375 | Snake:4  | Bought a potion of experience for 1000 gold pieces
 35375 | Snake:4  | Bought a scroll of magic mapping for 150 gold pieces
 35375 | Snake:4  | Bought a scroll of vulnerability for 80 gold pieces
 35377 | Snake:4  | Bought a potion of curing for 54 gold pieces
 35377 | Snake:4  | Bought a potion of brilliance for 72 gold pieces
 35377 | Snake:4  | Bought a potion of curing for 54 gold pieces
 35377 | Snake:4  | Bought a potion of curing for 54 gold pieces
 35377 | Snake:4  | Bought a potion of lignification for 54 gold pieces
 35377 | Snake:4  | Bought a potion of curing for 54 gold pieces
 35377 | Snake:4  | Bought a potion of ambrosia for 144 gold pieces
 35377 | Snake:4  | Reached XP level 20. HP: 167/167 MP: 0/0
 35399 | Snake:4  | Noticed Vashnia
 35593 | Snake:4  | Killed Vashnia
 36280 | Snake:4  | Reached XP level 21. HP: 124/175 MP: 0/0
 36280 | Snake:4  | Learned a level 8 spell: Disjunction
 36484 | Snake:4  | Got a serpentine rune of Zot
 37206 | D:15     | Found a staircase to the Depths.
 37721 | Vaults:1 | Entered Level 1 of the Vaults
 37957 | Vaults:1 | Reached skill level 18 in Spellcasting
 38298 | Vaults:1 | Noticed Nikola
 38306 | Vaults:1 | Killed from afar by Nikola

Illustrated notes

Levels and vault maps discovered:
D:1:      saegor_arrival_simple_e, layout_basic
D:2:      layout_basic, hellmonk_ecumenical_altar_leap_of_faith,
          minmay_pentomino_o2
D:3:      layout_rooms, zin_purify, overflow_temple_1_default
D:4:      layout_loops_cross, nicolae_ru_the_path_less_chosen,
          lightli_temple_of_fire, temple_green, nicolae_titane, uniq_robin
D:5:      layout_basic, mainiacjoe_overflow_swirl
D:6:      layout_gridville, uniq_duvessa
D:7:      layout_rooms, serial_aquarium, aquarium_bridge_square
          [aquarium_subvault_bridge, aquarium_subvault_bridge,
          aquarium_subvault_wall, aquarium_subvault_bridge],
          aquarium_window_fake, aquarium_window_2, aquarium_view_2b,
          aquarium_view_2f, aquarium_balcony_double_4, serial_bayou_lagoon_b
D:8:      layout_rooms
D:9:      layout_basic, erik_orc_2, nicolae_shop_unique_rings,
          hangedman_decor_push
D:10:     layout_stronghold, erik_lair_island, kennysheep_generic_room_4
D:11:     layout_roguey, minmay_strange_pillars, nrook_pool_corridor
D:12:     minmay_recursive_quarters, layout_small_grid,
          minmay_misc_feat_enclosed, drop_trap, chequers_hall_statues_y,
          uniq_lodul
D:13:     hangedman_arrow_trap, layout_irregular_city, gammafunk_ghost_smash
D:14:     dreamdust_under_siege, layout_long_grid,
          skrybe_vaults_entry_preservation, pdpol_wu_jian_five_deadly_venoms,
          uniq_nessos, uniq_snorg, uniq_louise
D:15:     hangedman_depths_entry_civil_slaughter, layout_cave_pools,
          minmay_parallelograms
Temple:   eino_temple_scatter_basement
Lair:1:   layout_cave_pods
Lair:2:   layout_regular_city, grunt_forest_large_clearing_hut,
          grunt_megastairs_2, serial_bayou_shore_a
Lair:3:   layout_loops_ring, nicolae_swamp_entry_spooky,
          nicolae_snake_entry_warm_welcome, nicolae_quartered_pool_medium
Lair:4:   layout_regular_city, grunt_megastairs_4, lemuel_fruit_fields
Lair:5:   hellmonk_lair_end_abyssal_woods, layout_long_grid,
          minmay_slime_entry_pillars, lemuel_fruit_fields
Swamp:1:  layout_basic_swamp, evilmike_swamp_ruin_rubble_1,
          hangedman_swamp_ravenous, infiniplex_staircase_pool_2, uniq_josephine
Swamp:2:  layout_basic_swamp, ebering_ghost_reflecting_pool,
          evilmike_swamp_ruin_rubble_2, swamp_pool5
Swamp:3:  layout_basic_swamp, portal_ice_cave_entry_ugly_swarm,
          evilmike_swamp_ruin_house_2
Swamp:4:  swamp, layout_basic_swamp, swamp_pool1, uniq_kirke
Snake:1:  layout_grid_shapes, nicolae_shop_self_help, nicolae_integral_box
Snake:2:  layout_onion, nrook_guardian_serpent_double, serial_bayou_shore_b
Snake:3:  layout_basic, lemuel_oklob_altar
Snake:4:  minmay_snake_end_coiled, layout_cave_town, st_stairs_2,
          minmay_shop_star, uniq_vashnia
Orc:1:    layout_caves, basic_altar, serial_shops, shop, minmay_orc_temple_a
Orc:2:    st_orc_rangers, layout_caves, serial_shops, shop,
          gauntlet_entry_generic, uniq_erolcha
Vaults:1: vaults_dpeg_spiral, nicolae_vaults_lightning_bolt,
          hangedman_vaults_locks, hangedman_vaults_corner, v_rooms_4,
          grunt_vaults_diagonal, nicolae_vaults_little_squares_3, v_misc_18,
          v_misc_10, nicolae_vaults_network_periphery,
          nicolae_vaults_tetromino_L_2, v_misc_22, nicolae_vaults_circle_grid_b,
          layout_vaults_maze, uniq_nikola

Skill      XL: |  1  2  3  4  5  6  7  8  9 10 11 12 13 14 15 16 17 18 19 20 21 |
---------------+----------------------------------------------------------------+-----
Fighting       | 1 2 3 4 5 6 7 9 10 12 13 14 15 16 | 16.1
Stealth        | 2 3 4 5 6 7 8 9 |  9.4
Spellcasting   | 3 4 5 6 8 9 10 12 13 14 15 16 17 18 | 18.1
Dodging        | 3 4 5 6 8 9 10 11 13 14 15 16 17 | 17.6
Unarmed Combat | 3 |  3.1
Armour         | 1 3 5 7 8 9 |  9.0
Staves         | 1 2 |  2.9
Shields        | 3 5 6 7 8 |  8.1

Action                     |  1- 3 |  4- 6 |  7- 9 | 10-12 | 13-15 | 16-18 | 19-21 || total
---------------------------+-------+-------+-------+-------+-------+-------+-------++-------
  Melee: Dagger            |     1 |       |       |       |       |       |       ||     1
         Unarmed           |       |       |    43 |     2 |    17 |       |       ||    62
         Staff             |       |       |       |    46 |   136 |    53 |    21 ||   256
         Punch             |       |       |       |     1 |       |       |       ||     1
   Cast: Sandblast         |    47 |   112 |    73 |       |       |       |       ||   232
         Scorch            |       |     9 |     5 |    19 |       |     2 |       ||    35
         Necrotise         |       |     1 |       |     3 |       |       |       ||     4
         Spider Form       |       |       |     3 |     1 |     1 |       |       ||     5
         Stone Arrow       |       |       |    52 |   245 |   437 |   331 |   268 ||  1333
         Passwall          |       |       |     3 |     9 |       |     1 |       ||    13
         Summon Lightning  |       |       |       |    15 |    44 |    48 |    14 ||   121
         Anguish           |       |       |       |    12 |    98 |   151 |    44 ||   305
         Petrify           |       |       |       |    11 |     9 |       |     1 ||    21
         Summon Cactus Gia |       |       |       |       |    31 |    89 |    20 ||   140
         Silence           |       |       |       |       |     1 |     2 |     1 ||     4
         Dispersal         |       |       |       |       |       |     8 |       ||     8
         Starburst         |       |       |       |       |       |       |    69 ||    69
 Invoke: Curse Item        |       |     1 |     2 |     6 |       |     1 |     2 ||    12
         Shatter the Chain |       |       |     2 |     1 |       |     1 |       ||     4
  Evoke: Wand              |       |       |       |       |     1 |     8 |     1 ||    10
         Phantom mirror    |       |       |       |       |       |       |     1 ||     1
    Use: Scroll            |       |     9 |     1 |     3 |     2 |     1 |       ||    16
         Potion            |       |       |     3 |     1 |     2 |     6 |     3 ||    15
   Stab: Distracted        |       |       |       |     3 |     2 |       |     2 ||     7
         Petrified         |       |       |       |    18 |    13 |       |     6 ||    37
         Petrifying        |       |       |       |     5 |     5 |       |       ||    10
         Sleeping          |       |       |       |       |     1 |     1 |       ||     2
 Armour: Robe              |     1 |    18 |    19 |       |       |       |       ||    38
         Steam dragon scal |       |       |     7 |    47 |   116 |   159 |    72 ||   401
         Skin              |       |       |       |       |     1 |       |       ||     1
  Dodge: Dodged            |    14 |    52 |   120 |   150 |   694 |   663 |   360 ||  2053
